 Dungeon Crawl Stone Soup version 0.12.2-22-g286eab9 (webtiles) character file.

435 Sachiko the Ducker (level 6, -2/39 HPs)
             Began as a Kobold Berserker on Aug 27, 2013.
             Was a Priest of Trog.
             Slain by an iguana (12 damage)
             ... on Level 4 of the Dungeon.
             The game lasted 00:10:50 (2445 turns).

Sachiko the Ducker (Kobold Berserker)               Turns: 2445, Time: 00:10:50

HP  -2/39        AC  4     Str 17      XL: 6   Next: 31%
MP   5/5         EV 17     Int  5      God: Trog [***...]
Gold 192         SH  0     Dex 16      Spells:  0 memorised,  5 levels left

Res.Fire  : . . .   See Invis. : .   a - +1 short sword
Res.Cold  : . . .   Warding    : .   i - +1 leather armour
Life Prot.: . . .   Conserve   : .   (no shield)
Res.Poison: .       Res.Corr.  : .   (no helmet)
Res.Elec. : .       Clarity    : .   (no cloak)
Sust.Abil.: . .     Spirit.Shd : .   (no gloves)
Res.Mut.  : .       Stasis     : .   (no boots)
Res.Rott. : .       Ctrl.Telep.: .   (no amulet)
Saprovore : + + .   Flight     : .   (no ring)
                                     (no ring)

@: exhausted, slightly resistant to hostile enchantments, fairly stealthy
A: disease resistance, carnivore 3, saprovore 2
a: Burn Spellbooks, Berserk, Trog's Hand, Renounce Religion


You were on level 4 of the Dungeon.
You worshipped Trog.
Trog was greatly pleased with you.
You were not hungry.

You visited 1 branch of the dungeon, and saw 4 of its levels.

You collected 172 gold pieces.

Inventory:

Hand weapons
 a - a +1,+1 short sword (weapon)
Armour
 b - a +0 animal skin
 i - a +1 leather armour (worn)
 k - a +0 orcish buckler
Comestibles
 c - 2 meat rations
Scrolls
 e - 3 scrolls of identify
 f - 4 scrolls of teleportation
 g - 2 scrolls of enchant weapon I
 h - 4 scrolls of enchant armour
 l - a scroll of magic mapping {unknown}
 m - a scroll of fog
 n - a scroll of recharging {unknown}
Potions
 d - a potion of degeneration
 j - a potion of resistance


   Skills:
 + Level 4.0 Fighting
 + Level 5.3 Short Blades
 - Level 1.6 Armour
 + Level 6.1 Dodging
 + Level 1.1 Stealth


You had 5 spell levels left.
You didn't know any spells.

Dungeon Overview and Level Annotations

Branches:
Dungeon (4/27)
 Temple: D:4-7

Altars:


Innate Abilities, Weirdness & Mutations

You recuperate from illness quickly.
You are small and have problems with some larger weapons.
You are carnivorous and can eat meat at any time.
You can eat rotten meat.


Message History

The iguana is moderately wounded.
The iguana bites you.
You hit the iguana.
The iguana is moderately wounded.
The iguana barely misses you. The iguana bites you.
* * * LOW HITPOINT WARNING * * *
You hit the iguana but do no damage.
The iguana is moderately wounded.
The iguana completely misses you.
You hit the iguana.
The iguana is heavily wounded.
The iguana barely misses you.
You barely miss the iguana.
The iguana is heavily wounded.
The iguana completely misses you.
You barely miss the iguana.
The iguana is heavily wounded.
You feel yourself speed up. The iguana bites you!
You die...

#.#.## ####
#....#
#...###....#
#.....#....#
..#.....#.#.##
............#
#######...###
#...##########
#....@l.......
######...#####
!..# ####


You could see an iguana.

Vanquished Creatures
  A giant frog (D:4)
  A hound (D:4)
  6 adders
  3 worms
  4 giant geckos
  4 orcs (D:3)
  6 giant cockroaches
  4 goblins
  7 hobgoblins
  10 jackals (D:2)
  5 kobolds
  2 ball pythons (D:3)
  9 bats
  5 giant newts
  9 rats
76 creatures vanquished.

Notes
Turn   | Place    | Note
--------------------------------------------------------------
     0 | D:1      | Sachiko, the Kobold Berserker, began the quest for the Orb.
     0 | D:1      | Reached XP level 1. HP: 14/14 MP: 0/0
   159 | D:1      | Reached XP level 2. HP: 13/19 MP: 1/1
   499 | D:1      | Reached XP level 3. HP: 16/24 MP: 2/2
   759 | D:1      | Acquired Trog's second power
   964 | D:2      | Reached XP level 4. HP: 17/28 MP: 3/3
  1584 | D:3      | Reached XP level 5. HP: 25/33 MP: 4/4
  1650 | D:3      | Reached skill level 5 in Short Blades
  1749 | D:3      | Reached skill level 1 in Stealth
  2010 | D:3      | HP: 2/49 [worm (8)]
  2012 | D:3      | Reached skill level 5 in Dodging
  2412 | D:4      | Reached skill level 6 in Dodging
  2412 | D:4      | Reached XP level 6. HP: 31/39 MP: 5/5
  2445 | D:4      | Slain by an iguana

Action                   |  1- 3 |  4- 6 || total
-------------------------+-------+-------++-------
Melee: Short sword       |   100 |   185 ||   285
Invok: Berserk           |     4 |     3 ||     7
  Use: Scroll            |     7 |     3 ||    10
       Potion            |     2 |     5 ||     7
 Stab: Sleeping          |     2 |     1 ||     3
       Invisible         |     1 |       ||     1
